 Dungeon Crawl Stone Soup version 0.30.1 (webtiles) character file.

Game seed: 11446206064088947741

18322 GimliDwarf the Covert (level 12, 0/95 HPs)
             Began as a Gnoll Wanderer on July 10, 2023.
             Was an Elder of Trog.
             Succumbed to a black mamba's poison
             ... on level 2 of the Lair of Beasts.
             The game lasted 00:32:15 (10404 turns).

GimliDwarf the Covert (Gnoll Wanderer)             Turns: 10404, Time: 00:32:16

Health: 0/95       AC: 23    Str: 12    XL:     12   Next: 57%
Magic:  23/23      EV: 16    Int: 11    God:    Trog [****..]
Gold:   526        SH:  0    Dex: 23    Spells: 26/26 levels left

rFire   . . .        D - +4 quarterstaff (chaos)
rCold   . . .        (shield currently unavailable)
rNeg    . . .        s - +5 ring mail
rPois   +            p - +2 helmet
rElec   .            E - +2 cloak
rCorr   .            y - +0 pair of gloves
SInv    .            c - +2 pair of boots
Will    .....        r - amulet of regeneration
Stlth   +++++        M - ring of poison resistance
HPRegen 1.15/turn    m - +6 ring of dexterity
MPRegen 0.18/turn

%: no passive effects
@: lethally poisoned (0 -> -2), about to teleport, unable to drink
A: fangs 1, strong nose, distributed training, sense surroundings 1, inability
to drink after injury 1
a: Renounce Religion, Berserk, Trog's Hand, Brothers in Arms


You were on level 2 of the Lair of Beasts.
You worshipped Trog.
Trog was greatly pleased with you.
You visited 3 branches of the dungeon, and saw 14 of its levels.

You collected 623 gold pieces.
You spent 97 gold pieces at shops.

Inventory:

Hand Weapons
 a - a +3 heavy quarterstaff
 o - a +1 war axe of venom
 v - a +1 flail of venom
 D - a +4 quarterstaff of chaos (weapon)
 H - a +1 antimagic spear
Missiles
 k - 2 throwing nets
 u - a silver boomerang
 B - 3 boomerangs
Armour
 c - a +2 pair of boots (worn)
 p - a +2 helmet (worn)
 s - a +5 ring mail (worn)
 x - a +0 troll leather armour
 y - a +0 pair of gloves (worn)
 E - a +2 cloak (worn)
Jewellery
 g - a ring of see invisible
 m - a +6 ring of dexterity (right hand)
 r - an amulet of regeneration (around neck)
 I - a ring of willpower
 M - a ring of poison resistance (left hand)
Wands
 i - a wand of iceblast (17)
 A - a wand of paralysis (7)
 C - a wand of flame (20)
 J - a wand of acid (1) (quivered)
 N - a wand of digging (4)
Scrolls
 b - 2 scrolls of silence
 f - 2 scrolls of fog
 j - a scroll of teleportation
 l - 2 scrolls of identify
 n - 3 scrolls of fear
 L - a scroll of amnesia {unknown}
Potions
 d - a potion of heal wounds
 e - 4 potions of brilliance
 h - 11 potions of curing
 q - a potion of resistance {unknown}
 t - 4 potions of haste
 w - 4 potions of might
 z - a potion of magic
 F - 2 potions of flight
 G - a potion of ambrosia
 K - a potion of invisibility


   Skills:
 + Level 9.0 Fighting
 + Level 7.7 Short Blades
 + Level 7.7 Long Blades
 + Level 7.7 Axes
 + Level 7.7 Maces & Flails
 + Level 7.7 Polearms
 + Level 9.0 Staves
 + Level 7.7 Ranged Weapons
 + Level 7.7 Throwing
 + Level 8.2 Armour
 + Level 8.2 Dodging
 + Level 11.0 Stealth
 + Level 7.7 Shields
 + Level 7.7 Unarmed Combat
 + Level 7.7 Spellcasting
 + Level 6.4 Conjurations
 + Level 6.4 Hexes
 + Level 6.4 Summonings
 + Level 6.4 Necromancy
 + Level 6.4 Translocations
 + Level 6.4 Transmutations
 + Level 6.4 Fire Magic
 + Level 6.4 Ice Magic
 + Level 6.4 Air Magic
 + Level 6.4 Earth Magic
 + Level 6.4 Poison Magic
 + Level 8.4 Invocations
 + Level 7.7 Evocations


You had 26 spell levels left.
You didn't know any spells.
Your spell library contained the following spells:

 Spells                   Type           Power      Damage    Failure   Level
 Beastly Appendage        Tmut           36%        N/A       2%          1
 Necrotise                Necr           72%        1d7       2%          1
 Sublimation of Blood     Necr           18%        N/A       3%          2
 Wereblood                Tmut           18%        N/A       3%          2
 Spider Form              Tmut/Pois      18%        N/A       7%          3
 Vampiric Draining        Necr           18%        2d7       7%          3
 Petrify                  Tmut/Erth      18%        N/A       22%         4
 Agony                    Necr           18%        N/A       54%         5
 Irradiate                Conj/Tmut      9%         3d14      54%         5


Dungeon Overview and Level Annotations

Branches:
Dungeon (11/15)            Temple (1/1) D:5            Lair (2/5) D:11
  Swamp (0/4) Lair:2          Orc (0/2) D:9
  Snake: Lair:2-3    Spider: Lair:2-3

Altars:
Ashenzari
Cheibriados
Dithmenos
Elyvilon
Fedhas
Gozag
Hepliaklqana
Kikubaaqudgha
Makhleb
Nemelex Xobeh
Okawaru
Qazlal
Ru
Sif Muna
Trog
Uskayaw
Vehumet
Wu Jian
Xom
Yredelemnul
Zin
The Shining One

Shops:
D:4 ?   D:6 [   D:8 :*   D:10 ?

Annotations:
Lair:1 3 runed translucent doors, suzumiya's ghost, journeyman MiGl


Innate Abilities, Weirdness & Mutations

You have very sharp teeth.
Your uncanny sense of smell can sniff out nearby items.
Your experience applies equally to all skills.
You passively map a small area around you.
You occasionally lose the ability to drink potions when taking damage.


Message History

The komodo dragon barely misses you.
You barely miss the komodo dragon.
The komodo dragon is moderately wounded.
An elephant comes into view.
The komodo dragon barely misses you.
You hit the komodo dragon but do no damage.
The komodo dragon goes berserk!
You bite the komodo dragon, but do no damage.
The komodo dragon is moderately wounded.
The komodo dragon bites you but does no damage.
You sock the komodo dragon! You freeze the komodo dragon.
The komodo dragon is heavily wounded.
The komodo dragon bites you!
The black mamba bites you but does no damage.
You sock the komodo dragon!
Lightning courses through the komodo dragon!
The komodo dragon is severely wounded.
The komodo dragon bites you!!! The black mamba bites you.
You are poisoned.
The black mamba poisons you! The komodo dragon misses you.
You feel very sick. The black mamba barely misses you.
The komodo dragon attacks as you move away!
The komodo dragon bites you!!
You feel threatened and lose the ability to drink potions!
* * * LOW HITPOINT WARNING * * *
The black mamba attacks as you move away!
The black mamba misses you.
* * * LOW HITPOINT WARNING * * *
You feel very sick.
The black mamba bites you but does no damage.
The komodo dragon rages.
You cannot drink potions in your current state!
As you read the scroll of teleportation, it crumbles to dust.
You feel strangely unstable.
* * * LOW HITPOINT WARNING * * *
You feel very sick. The black mamba barely misses you.
The komodo dragon bites you but does no damage.
You die...

* *..., ####.P#........#
, #...##..............#
,,##........###........#
∆ *.....#...###.......P#
#... #....# ....... ,
##...*#..### ... #
#...###..#* , ...
.##..#..#...P#P.#. ,
.......YS.@....... , , ,
* .#######l######.## ###
# * * *


You could see an elephant, a komodo dragon (berserk) and a black mamba.

Vanquished Creatures
  A two-headed ogre (D:8)
  A hydra (Lair:2)
  An oklob plant (D:11)
  2 black mambas
  Maggie (D:7)
  2 cane toads
  2 kobold demonologists (D:11)
  A rime drake (Lair:2)
  2 komodo dragons
  A polar bear (shapeshifter) (D:9)
  4 trolls
  A polar bear (Lair:1)
  2 blink frogs (Lair:2)
  2 vampires (D:10)
  23 yaks
  The ghost of nroviw the Ruffian, an amateur TrFi (D:4)
  2 wyverns (D:9)
  A water elemental (D:11)
  A shadow (D:11)
  2 wraiths (D:10)
  A basilisk (Lair:1)
  2 steam dragons
  3 vampire mosquitoes (D:10)
  A swamp worm (Lair:2)
  3 acid dragons
  Duvessa (D:6)
  8 orc warriors
  3 sky beasts
  2 ice beasts
  9 ogres
  7 centaurs
  2 phantoms
  2 gnoll sergeants (D:9)
  7 kobold brigands
  3 bullfrogs
  2 scorpions
  9 wights
  Dowan (D:6)
  7 killer bees
  3 electric eels
  7 howler monkeys
  7 orc priests
  Crazy Yiuf (D:7)
  8 hounds
  2 gnoll boudas
  A jelly (D:6)
  3 sleepcaps (D:7)
  3 iguanas
  8 orc wizards
  13 gnolls
  6 adders
  A white imp (D:6)
  An ufetubus (D:7)
  2 worms (D:2)
  2 dart slugs
  33 orcs
  5 ball pythons
  8 endoplasms
  3 giant cockroaches
  5 goblins
  4 hobgoblins
  17 kobolds
  4 quokkas
  7 bats
  3 frilled lizards
  8 rats
291 creatures vanquished.

Vanquished Creatures (collateral kills)
  A cane toad (Lair:2)
  A blink frog (Lair:2)
  A bullfrog (Lair:2)
3 creatures vanquished.

Grand Total: 294 creatures vanquished

Notes
Turn   | Place    | Note
-------+----------+-------------------------------------------
     0 | D:1      | GimliDwarf the Gnoll Wanderer began the quest for the Orb.
     0 | D:1      | GimliDwarf set off with the following items: a +2
                  | quarterstaff, a scroll of silence, a +0 pair of boots, a
                  | potion of heal wounds, a +0 robe.
     0 | D:1      | Reached XP level 1. HP: 20/20 MP: 1/1
   158 | D:1      | Reached XP level 2. HP: 23/26 MP: 2/2
   564 | D:1      | Reached XP level 3. HP: 29/31 MP: 3/3
  1052 | D:2      | Reached skill level 1 in Invocations
  1336 | D:2      | Reached skill level 1 in Short Blades
  1336 | D:2      | Reached skill level 1 in Long Blades
  1336 | D:2      | Reached skill level 1 in Axes
  1336 | D:2      | Reached skill level 1 in Maces & Flails
  1336 | D:2      | Reached skill level 1 in Polearms
  1336 | D:2      | Reached skill level 1 in Ranged Weapons
  1336 | D:2      | Reached skill level 1 in Throwing
  1336 | D:2      | Reached skill level 1 in Shields
  1336 | D:2      | Reached skill level 1 in Unarmed Combat
  1336 | D:2      | Reached skill level 1 in Spellcasting
  1336 | D:2      | Reached skill level 1 in Evocations
  1626 | D:3      | Reached XP level 4. HP: 38/38 MP: 5/5
  1680 | D:3      | Noticed an ogre
  1704 | D:3      | Killed an ogre
  1705 | D:3      | Reached skill level 1 in Conjurations
  1705 | D:3      | Reached skill level 1 in Hexes
  1705 | D:3      | Reached skill level 1 in Summonings
  1705 | D:3      | Reached skill level 1 in Necromancy
  1705 | D:3      | Reached skill level 1 in Translocations
  1705 | D:3      | Reached skill level 1 in Transmutations
  1705 | D:3      | Reached skill level 1 in Fire Magic
  1705 | D:3      | Reached skill level 1 in Ice Magic
  1705 | D:3      | Reached skill level 1 in Air Magic
  1705 | D:3      | Reached skill level 1 in Earth Magic
  1705 | D:3      | Reached skill level 1 in Poison Magic
  1705 | D:3      | Reached XP level 5. HP: 43/43 MP: 7/7
  2287 | D:4      | Found The Oracle's Delphic Readings.
  2309 | D:4      | Reached skill level 8 in Stealth
  2343 | D:4      | Found a runed translucent door.
  2346 | D:4      | Noticed nroviw's ghost (amateur TrFi)
  2601 | D:4      | Reached XP level 6. HP: 47/50 MP: 8/8
  2781 | D:4      | Found a runed translucent door.
  2890 | D:4      | Reached skill level 5 in Fighting
  2890 | D:4      | Reached skill level 5 in Staves
  2907 | D:4      | Killed nroviw's ghost
  2950 | D:5      | Entered Level 5 of the Dungeon
  2966 | D:4      | Reached XP level 7. HP: 30/56 MP: 10/10
  3091 | D:5      | Found a staircase to the Ecumenical Temple.
  3104 | Temple   | Entered the Ecumenical Temple
  3530 | Temple   | Became a worshipper of Trog the Wrathful
  3733 | D:5      | Reached XP level 8. HP: 26/63 MP: 12/12
  4278 | D:6      | Reached * piety under Trog
  4445 | D:6      | Found Quampala's Armour Boutique.
  4507 | D:6      | Reached XP level 9. HP: 69/69 MP: 14/14
  4748 | D:6      | Noticed Dowan
  4750 | D:6      | Noticed Duvessa
  4758 | D:6      | Killed Dowan
  4770 | D:6      | Killed Duvessa
  4771 | D:6      | Reached skill level 5 in Armour
  4771 | D:6      | Reached skill level 5 in Dodging
  5010 | D:7      | Reached skill level 9 in Stealth
  5192 | D:7      | Noticed Maggie
  5211 | D:7      | Killed Maggie
  5212 | D:7      | Reached skill level 5 in Invocations
  5367 | D:7      | Found a runed translucent door.
  5368 | D:7      | Noticed Crazy Yiuf
  5380 | D:7      | Killed Crazy Yiuf
  5490 | D:7      | Reached ** piety under Trog
  5810 | D:8      | Reached skill level 5 in Short Blades
  5810 | D:8      | Reached skill level 5 in Long Blades
  5810 | D:8      | Reached skill level 5 in Axes
  5810 | D:8      | Reached skill level 5 in Maces & Flails
  5810 | D:8      | Reached skill level 5 in Polearms
  5810 | D:8      | Reached skill level 5 in Ranged Weapons
  5810 | D:8      | Reached skill level 5 in Throwing
  5810 | D:8      | Reached skill level 5 in Shields
  5810 | D:8      | Reached skill level 5 in Unarmed Combat
  5810 | D:8      | Reached skill level 5 in Spellcasting
  5810 | D:8      | Reached skill level 5 in Evocations
  5810 | D:8      | Reached XP level 10. HP: 77/77 MP: 17/17
  5991 | D:8      | Found Qudif's Book Boutique.
  6086 | D:8      | Found Roprofe's Assorted Antiques.
  6172 | D:8      | Noticed a two-headed ogre
  6179 | D:8      | Gained mutation: Your flesh is heat resistant. (rF+)
                  | [potion of mutation]
  6179 | D:8      | Gained mutation: You have a pair of small horns on your
                  | head. [potion of mutation]
  6179 | D:8      | Gained mutation: You have hidden genetic defects. [potion
                  | of mutation]
  6200 | D:8      | Killed a two-headed ogre
  6265 | D:8      | Found an iron altar of Okawaru.
  6265 | D:8      | Found a hazy altar of Hepliaklqana.
  6390 | D:9      | Gained mutation: You occasionally lose the ability to drink
                  | potions when taking damage. [hidden defects]
  6642 | D:9      | Reached *** piety under Trog
  6655 | D:9      | Gained mutation: Your magical capacity is low. (-10% MP)
                  | [hidden defects]
  6655 | D:9      | Lost mutation: You have hidden genetic defects. [hidden
                  | defects expressed]
  6929 | D:9      | Reached skill level 5 in Conjurations
  6929 | D:9      | Reached skill level 5 in Hexes
  6929 | D:9      | Reached skill level 5 in Summonings
  6929 | D:9      | Reached skill level 5 in Necromancy
  6929 | D:9      | Reached skill level 5 in Translocations
  6929 | D:9      | Reached skill level 5 in Transmutations
  6929 | D:9      | Reached skill level 5 in Fire Magic
  6929 | D:9      | Reached skill level 5 in Ice Magic
  6929 | D:9      | Reached skill level 5 in Air Magic
  6929 | D:9      | Reached skill level 5 in Earth Magic
  6929 | D:9      | Reached skill level 5 in Poison Magic
  6929 | D:9      | Reached XP level 11. HP: 85/85 MP: 18/18
  6932 | D:9      | Reached skill level 10 in Stealth
  6978 | D:9      | Found a staircase to the Orcish Mines.
  7187 | D:10     | Entered Level 10 of the Dungeon
  7624 | D:10     | Found Geidd's Magic Scroll Emporium.
  7635 | D:10     | Lost mutation: You have a pair of small horns on your head.
                  | [potion of mutation]
  7635 | D:10     | Lost mutation: Your flesh is heat resistant. (rF+) [potion
                  | of mutation]
  7635 | D:10     | Lost mutation: Your magical capacity is low. (-10% MP)
                  | [potion of mutation]
  7635 | D:10     | Gained mutation: You passively map a small area around you.
                  | [potion of mutation]
  7711 | D:10     | Bought a scroll of enchant armour for 97 gold pieces
  8114 | D:11     | Noticed an oklob plant
  8131 | D:11     | Found a staircase to the Lair.
  8139 | D:11     | Killed an oklob plant
  8297 | D:11     | Reached **** piety under Trog
  8324 | D:11     | Noticed a soul eater
  8702 | D:11     | Reached XP level 12. HP: 94/94 MP: 22/22
  8878 | D:11     | Found an iron altar of Okawaru.
  9023 | Lair:1   | Entered Level 1 of the Lair of Beasts
  9156 | Lair:1   | Found a runed translucent gate.
  9156 | Lair:1   | Found a runed translucent gate.
  9157 | Lair:1   | Found a runed translucent gate.
  9162 | Lair:1   | Noticed suzumiya's ghost (journeyman MiGl)
  9456 | Lair:1   | Found an opulent altar of Gozag.
 10196 | Lair:2   | Found a staircase to the Swamp.
 10294 | Lair:2   | Noticed a seven-headed hydra
 10299 | Lair:2   | Killed a seven-headed hydra
 10313 | Lair:2   | Reached skill level 11 in Stealth
 10402 | Lair:2   | HP: 4/95 [komodo dragon (34)]
 10403 | Lair:2   | HP: 1/95 [poisoned by a black mamba]
 10404 | Lair:2   | Succumbed to a black mamba's poison

Illustrated notes

Levels and vault maps discovered:
D:1:      scummos_arrival_simple_fountains, layout_loops_ring, serial_forest,
          infiniplex_forest_zigzag_1, infiniplex_forest_lined_2,
          infiniplex_forest_clump_medium, infiniplex_forest_clump_double,
          infiniplex_forest_lined_3_way, infiniplex_forest_lined_1,
          infiniplex_forest_zigzag_1, infiniplex_forest_diagonal,
          infiniplex_forest_zigzag_1
D:2:      layout_rooms, chequers_serial_rivers_small_b,
          kennysheep_generic_room_15
D:3:      layout_loops_ring, serial_bayou_crossing
D:4:      layout_loops_ring, ebering_ghost_sewer_f, nicolae_nh_oracle_at_delphi
D:5:      layout_gridville, minmay_temple_entry_junction,
          minmay_fractal_squares_5
D:6:      layout_rooms, grunt_decor_arrowhead, nicolae_stop_n_shop_2,
          uniq_duvessa
D:7:      layout_cave_pools, hellmonk_no_cap, uniq_maggie,
          uniq_crazy_yiuf_cottage
D:8:      layout_cave_pools, nicolae_overflow_two_pavilions, serial_shops,
          nicolae_shop_tiny_real_fake_doors, kennysheep_little_box,
          hellmonk_bongcloud_opening
D:9:      layout_rooms, kennysheep_orc_monster_closet_entryway
D:10:     layout_loops_ring, serial_shops, shop_scrolls
D:11:     layout_big_octagon, dpeg_oklobed_lair, kennysheep_nondescript,
          okawaru_gym_becter
Temple:   mainiacjoe_temple_big_plus
Lair:1:   layout_small_grid, ebering_ghost_rock_garden,
          chequers_serial_rivers_small_b, lemuel_centaur_altar
Lair:2:   layout_regular_city, minmay_swamp_entry_worms, grunt_megastairs_5,
          lemuel_fruit_fields

Skill      XL: |  1  2  3  4  5  6  7  8  9 10 11 12 |
---------------+-------------------------------------+-----
Invocations    | 1 2 3 4 5 6 7 8 |  8.4
Short Blades   | 1 2 3 5 6 7 |  7.7
Long Blades    | 1 2 3 5 6 7 |  7.7
Axes           | 1 2 3 5 6 7 |  7.7
Maces & Flails | 1 2 3 5 6 7 |  7.7
Polearms       | 1 2 3 5 6 7 |  7.7
Ranged Weapons | 1 2 3 5 6 7 |  7.7
Throwing       | 1 2 3 5 6 7 |  7.7
Shields        | 1 2 3 5 6 7 |  7.7
Unarmed Combat | 1 2 3 5 6 7 |  7.7
Spellcasting   | 1 2 3 5 6 7 |  7.7
Evocations     | 1 2 3 5 6 7 |  7.7
Armour         | 3 4 5 6 7 8 |  8.2
Dodging        | 3 4 5 6 7 8 |  8.2
Conjurations   | 1 2 3 4 5 6 |  6.4
Hexes          | 1 2 3 4 5 6 |  6.4
Summonings     | 1 2 3 4 5 6 |  6.4
Necromancy     | 1 2 3 4 5 6 |  6.4
Translocations | 1 2 3 4 5 6 |  6.4
Transmutations | 1 2 3 4 5 6 |  6.4
Fire Magic     | 1 2 3 4 5 6 |  6.4
Ice Magic      | 1 2 3 4 5 6 |  6.4
Air Magic      | 1 2 3 4 5 6 |  6.4
Earth Magic    | 1 2 3 4 5 6 |  6.4
Poison Magic   | 1 2 3 4 5 6 |  6.4
Stealth        | 8 9 10 11 | 11.0
Fighting       | 5 6 7 8 9 |  9.0
Staves         | 5 6 7 8 9 |  9.0

Action                     |  1- 3 |  4- 6 |  7- 9 | 10-12 || total
---------------------------+-------+-------+-------+-------++-------
  Melee: Quarterstaff      |    77 |    67 |   392 |   627 ||  1163
         Bite              |     2 |     9 |    55 |    79 ||   145
         War axe           |       |     4 |       |       ||     4
         Headbutt          |       |       |       |    69 ||    69
 Invoke: Berserk           |       |       |     1 |    13 ||    14
         Trog's Hand       |       |       |       |     1 ||     1
  Evoke: Wand              |       |       |       |     9 ||     9
    Use: Scroll            |       |    13 |     4 |    15 ||    32
         Potion            |       |     1 |     1 |     4 ||     6
   Stab: Sleeping          |    20 |     6 |     9 |    13 ||    48
         Distracted        |       |     3 |     1 |     1 ||     5
         Invisible         |       |     1 |       |       ||     1
         Confused          |       |       |       |     6 ||     6
         Paralysed         |       |       |       |     1 ||     1
 Armour: Robe              |     7 |       |       |       ||     7
         Ring mail         |     8 |    30 |   204 |   367 ||   609
  Dodge: Dodged            |    34 |    42 |   320 |   709 ||  1105
